Map: Romanticide LE

Players

DisK

  • Race: Protoss Protoss

Neeb - Winner!

  • Race: Protoss Protoss

Event: DreamHack SC2 Masters 2021 Fall

VOD

Have the link to the VOD?

Description

Time

  • Played on: Aug. 7, 2021, 5:58 p.m.
  • Length: 11:25

All games in this series

Show
View Real Time Build Order
Export as new Build Order

DisK Protoss 

Build Orders: Oracle Opening 

Get SALT Encoding   

  12  0:00  Probe  
  13  0:12  Probe  
  14  0:17  Pylon  
  14  0:24  Probe (Chrono Boost)  
  15  0:36  Gateway, Probe (Chrono Boost)  
  16  0:45  Probe (Chrono Boost)  
  16  0:46  Assimilator  
  17  0:51  Probe  
  17  0:54  Assimilator  
  18  1:03  Probe (Chrono Boost)  
  19  1:08  Gateway  
  19  1:14  Probe (Chrono Boost)  
  20  1:19  Probe  
  20  1:25  Cybernetics Core  
  21  1:31  Probe  
  22  1:40  Pylon  
  22  1:43  Probe  
  23  1:58  Probe  
  24  2:01  Stalker  
  24  2:02  Stalker  
  24  2:05  Warp Gate  
  28  2:13  Pylon  
  28  2:15  Probe  
  29  2:23  Pylon  
  29  2:37  Stargate  
  29  2:54  Nexus  
  29  2:59  Shield Battery  
  29  3:04  Sentry  
  31  3:06  Probe  
  32  3:17  Oracle (Chrono Boost)  
  32  3:21  Probe  
  32  3:27  Pylon  
  36  3:34  Probe  
  37  3:42  Twilight Council  
  37  3:46  Probe (Chrono Boost)  
  38  3:57  Oracle (Chrono Boost)  
  38  3:58  Probe (Chrono Boost)  
  39  4:03  Oracle (Chrono Boost)  
  39  4:06  Probe (Chrono Boost)  
  39  4:08  Probe (Chrono Boost)  
  44  4:12  Probe  
  45  4:18  Probe  
  45  4:22  Forge  
  46  4:26  Blink (Chrono Boost)  
  46  4:29  Probe  
  46  4:30  Probe  
  48  4:41  Probe  
  48  4:44  Probe  
  50  4:48  Gateway  
  50  4:49  Gateway  
  50  4:53  Probe  
  50  4:55  Stalker x2  
  50  4:58  Assimilator, Probe  
  56  5:05  Probe  
  57  5:10  Probe  
  57  5:13  Pylon  
  58  5:17  Probe  
  58  5:18  Nexus  
  58  5:21  Pylon  
  59  5:28  Stalker  
  59  5:32  Stalker  
  59  5:33  Probe x2  
  59  5:35  Protoss Ground Weapons Level 1 (Chrono Boost)  
  65  5:40  Shield Battery  
  65  5:49  Pylon  
  65  5:54  Probe x2  
  67  6:00  Gateway, Robotics Facility  
  67  6:01  Gateway  
  67  6:06  Probe  
  68  6:16  Gateway x2  
  68  6:17  Probe  
  68  6:18  Assimilator, Probe  
  70  6:24  Stalker  
  70  6:25  Stalker  
  74  6:29  Probe  
  74  6:30  Probe  
  76  6:34  Probe  
  76  6:37  Stalker x2  
  78  6:41  Charge (Chrono Boost), Probe  
  78  6:42  Probe  
  78  6:46  Pylon  
  80  6:49  Stalker  
  80  6:51  Stalker  
  84  6:56  Stalker  
  84  6:57  Stalker  
  84  6:59  Observer  
  89  7:08  Stalker x2  
  91  7:10  Pylon  
  91  7:13  Stalker  
  95  7:17  Pylon  
  95  7:26  Pylon, Stalker x2  
  99  7:32  Stalker x2  
  103  7:37  Stalker  
  103  7:38  Zealot  
  103  7:39  Zealot x2  
  111  7:44  Pylon  
  111  8:02  Stalker x5  
  119  8:16  Stalker x3  
  98  8:34  Zealot x4  
  98  8:35  Zealot  
  100  8:44  Zealot x3  
  94  8:59  Zealot x5  
  95  9:08  Zealot x3  
  89  9:18  Probe x2  
  89  9:19  Probe  
  89  9:22  Dark Shrine  
  92  9:24  Assimilator x2  
  92  9:28  Nexus, Robotics Bay  
  92  9:32  Stalker  
  92  9:33  Stalker x5  
  104  9:58  Pylon, Robotics Facility  
  104  10:05  Stalker x3  
  104  10:06  Shield Battery x2, Stalker  
  104  10:07  Shield Battery  
  104  10:09  Stalker  
  106  10:15  Disruptor (Chrono Boost)  
  109  10:28  Pylon  
  109  10:29  Pylon  
  109  10:30  Zealot x4  
  116  10:36  Stalker x2  
  116  10:38  Stalker  
  122  10:49  Zealot  
  113  10:53  Zealot x2  
  103  10:57  Stalker x2  
  103  11:00  Zealot x2  
  103  11:03  Zealot  
  95  11:10  Zealot  
  80  11:13  Zealot x2  
Show
View Real Time Build Order
Export as new Build Order

Neeb Protoss - Winner!

Build Orders: Phoenix Opening, Blink Stalkers 

Get SALT Encoding   

  12  0:00  Probe  
  13  0:12  Probe  
  14  0:17  Pylon  
  14  0:24  Probe (Chrono Boost)  
  15  0:36  Probe (Chrono Boost)  
  15  0:38  Gateway  
  16  0:45  Probe (Chrono Boost)  
  16  0:46  Assimilator  
  17  0:50  Probe  
  18  1:00  Assimilator  
  18  1:03  Probe (Chrono Boost)  
  19  1:08  Gateway  
  20  1:12  Probe (Chrono Boost)  
  20  1:17  Probe (Chrono Boost)  
  21  1:27  Cybernetics Core  
  21  1:29  Probe  
  22  1:40  Pylon  
  22  1:41  Probe  
  23  1:58  Probe  
  23  2:01  Warp Gate (Chrono Boost)  
  24  2:03  Stalker  
  24  2:04  Sentry  
  28  2:10  Probe  
  29  2:17  Pylon  
  29  2:20  Pylon  
  29  2:31  Stalker  
  29  2:35  Sentry  
  33  2:49  Nexus  
  33  2:55  Shield Battery  
  33  2:58  Probe  
  34  3:05  Sentry  
  36  3:10  Probe  
  36  3:12  Pylon  
  37  3:22  Probe (Chrono Boost)  
  37  3:25  Twilight Council  
  38  3:32  Probe (Chrono Boost)  
  39  3:37  Probe (Chrono Boost)  
  40  3:43  Stalker x2  
  44  3:48  Probe  
  45  3:55  Blink (Chrono Boost)  
  45  3:57  Phoenix  
  45  4:00  Probe  
  45  4:05  Probe  
  46  4:12  Stalker, Probe  
  49  4:17  Probe  
  49  4:19  Stalker  
  52  4:25  Probe  
  52  4:29  Probe  
  54  4:37  Stalker, Probe  
  57  4:41  Forge, Probe  
  57  4:44  Pylon  
  58  4:49  Probe  
  59  4:56  Probe  
  60  5:03  Nexus  
  60  5:04  Probe  
  61  5:09  Pylon  
  61  5:10  Probe  
  62  5:14  Protoss Ground Weapons Level 1 (Chrono Boost), Assimilator  
  62  5:20  Probe  
  63  5:24  Probe  
  63  5:25  Stalker  
  63  5:27  Stalker  
  68  5:32  Pylon, Probe  
  69  5:36  Probe  
  69  5:40  Robotics Facility  
  70  5:45  Shield Battery  
  70  5:47  Gateway, Probe  
  71  5:51  Gateway  
  71  5:52  Probe  
  72  5:58  Stalker  
  72  6:00  Stalker  
  72  6:01  Probe  
  77  6:04  Probe  
  78  6:13  Probe  
  78  6:15  Shield Battery  
  78  6:17  Probe  
  80  6:19  Probe  
  81  6:25  Probe  
  81  6:26  Charge  
  81  6:28  Gateway  
  81  6:29  Gateway, Probe  
  83  6:34  Probe  
  83  6:38  Pylon, Probe  
  83  6:39  Assimilator  
  85  6:40  Assimilator  
  85  6:43  Observer  
  85  6:46  Probe (Chrono Boost)  
  87  6:48  Probe (Chrono Boost)  
  89  6:56  Probe (Chrono Boost)  
  89  6:58  Pylon  
  89  6:59  Probe (Chrono Boost)  
  89  7:00  Pylon, Probe (Chrono Boost)  
  91  7:03  Immortal (Chrono Boost)  
  91  7:05  Probe  
  91  7:06  Probe  
  91  7:08  Gateway  
  97  7:09  Gateway  
  97  7:11  Templar Archives  
  97  7:12  Phoenix  
  97  7:13  Protoss Ground Weapons Level 2 (Chrono Boost)  
  97  7:19  Pylon  
  97  7:21  Zealot x4  
  105  7:34  Immortal  
  105  7:36  Pylon  
  109  7:37  Pylon  
  109  7:39  Pylon  
  109  7:41  Pylon  
  109  7:46  Nexus  
  109  7:51  Stalker x4  
  109  7:53  Stalker  
  116  8:02  Probe  
  116  8:05  Templar Archives  
  117  8:10  High Templar x2  
  117  8:11  Zealot  
  118  8:14  Archon, Immortal  
  122  8:21  Zealot x2  
  122  8:22  Zealot x2  
  122  8:23  Zealot  
  122  8:30  Pylon  
  102  8:43  Stalker x2  
  102  8:44  Stalker x4  
  94  9:03  Zealot x2  
  94  9:09  Zealot x5  
  104  9:10  Zealot  
  102  9:22  Warp Prism (Chrono Boost)  
  104  9:26  High Templar x2  
  104  9:31  High Templar x4, Archon  
  110  9:32  Zealot x2  
  110  9:36  Gateway, Archon  
  110  9:37  Archon  
  120  9:39  Gateway  
  120  9:49  Nexus  
  120  9:52  Pylon  
  120  9:53  Zealot x2  
  120  9:58  Zealot x2  
  126  10:10  High Templar x2, Zealot x2  
  134  10:14  Archon  
  134  10:15  Zealot x2  
  138  10:33  Zealot x6  
  150  10:37  Photon Cannon  
  150  10:48  Zealot x4  
  150  10:56  Zealot x6  
  116  11:16  Zealot x7  
  116  11:18  Zealot x2  

Tags
 
Add a new tag
Caveats
  • Supply blocks, unpowered buildings, or Contaminate may cause inaccurate times.
  • Supply counts are checked every 10 seconds.